 Dungeon Crawl Stone Soup version 0.22.0-38-g04b72b8 (webtiles) character file.

79809 Bodigarde the Brawler (level 15, -2/154 HPs)
             Began as a Troll Berserker on Aug 25, 2018.
             Was the Champion of Trog.
             Slain by a shock serpent (11 damage)
             ... on level 1 of the Snake Pit.
             The game lasted 01:52:58 (22687 turns).

Bodigarde the Brawler (Troll Berserker)            Turns: 22687, Time: 01:53:00

Health: -2/154     AC: 30    Str: 35    XL:     15   Next: 22%
Magic:  14/14      EV:  4    Int:  7    God:    Trog [******]
Gold:   2269       SH: 10    Dex: 12    Spells: 14/14 levels left

rFire    + . .     SeeInvis .     - Unarmed
rCold    + . .     Gourm    +   n - +0 shield
rNeg     . . .     Faith    .   u - +6 gold dragon scales
rPois    +         Spirit   .   (helmet restricted)
rElec    .         Reflect  .   M - +2 cloak {rPois}
rCorr    .         Harm     .   (gloves unavailable)
MR       ++++.                  (boots unavailable)
Stlth    ..........             V - amulet of the acrobat
HPRegen  0.75/turn              Q - ring of the Mage {Wiz MR++ Int+3}
MPRegen  0.14/turn              I - ring "Egefepizo" {MR+ Str+5}

@: lethally poisoned (-2 -> -2), drained
A: large, unfitting armour, claws 3, fast metabolism 3, gourmand, regeneration
1, shaggy fur 1, tough skin 2
a: Berserk, Trog's Hand, Brothers in Arms, Renounce Religion


You were on level 1 of the Snake Pit.
You worshipped Trog.
Trog was exalted by your worship.
You were not hungry.

You visited 5 branches of the dungeon, and saw 25 of its levels.
You also visited: Ossuary.

You collected 2546 gold pieces.
You spent 277 gold pieces at shops.

Inventory:

Hand Weapons
 q - a +0 blowgun
 K - a +0 giant spiked club
Missiles
 r - 7 curare-tipped needles
 t - a throwing net
 v - 30 tomahawks
 E - 20 large rocks (quivered)
 L - 4 javelins
 P - 2 javelins of returning
Armour
 n - a +0 shield (worn)
 u - +6 gold dragon scales (worn)
 M - a +2 cloak of poison resistance (worn)
Jewellery
 a - an uncursed ring of positive energy
 h - an uncursed ring of flight
 o - an uncursed ring of resist corrosion
 C - an uncursed ring of protection from fire
 I - the ring "Egefepizo" (right claw) {MR+ Str+5}
   (You found it on level 13 of the Dungeon)

   [ring of protection from magic]

   It affects your strength (+5).
   It affects your resistance to hostile enchantments.
 Q - the ring of the Mage (left claw) {Wiz MR++ Int+3}
   (You found it on level 3 of the Lair of Beasts)

   [ring of wizardry]

   It improves your spell success rate.
   It affects your intelligence (+3).
   It affects your resistance to hostile enchantments.
 T - an uncursed ring of see invisible
 V - an amulet of the acrobat (around neck)
Wands
 d - a wand of flame (29)
 w - a wand of digging (41)
 x - a wand of enslavement (9)
 D - a wand of paralysis (24)
 J - a wand of polymorph (35)
 R - a wand of disintegration (23)
 S - a wand of scattershot (7)
Scrolls
 c - 7 scrolls of remove curse
 e - 12 scrolls of teleportation
 f - a scroll of vulnerability {unknown}
 s - 5 scrolls of identify
 B - 7 scrolls of magic mapping
 F - 5 scrolls of blinking
 H - a scroll of fog
Potions
 j - 3 potions of invisibility
 k - 8 potions of curing
 l - 2 potions of resistance
 p - 9 potions of haste
 z - 2 potions of lignification
 G - 3 potions of might
 N - a potion of ambrosia
 O - a potion of flight
 Z - a potion of agility
Miscellaneous
 U - 2 sacks of spiders
 W - a fan of gales
Comestibles
 b - 34 rations


   Skills:
 + Level 11.4(11.1) Fighting
 - Level 5.2(4.9) Throwing
 + Level 10.8(10.4) Armour
 - Level 3.5(3.2) Dodging
 + Level 4.3(4.0) Shields
 * Level 17.8(17.3) Unarmed Combat


You had 14 spell levels left.
You didn't know any spells.
Your spell library was empty.

Dungeon Overview and Level Annotations

Branches:
Dungeon (15/15)            Temple (1/1) D:4            Lair (6/6) D:8
 Shoals (0/4) Lair:3        Snake (1/4) Lair:2        Slime (0/5) Lair:6
    Orc (2/2) D:12            Elf (0/3) Orc:2        Vaults (0/5) D:14
 Depths (0/5) D:15

Altars:
Ashenzari
Cheibriados
Dithmenos
Elyvilon
Fedhas
Gozag
Hepliaklqana
Kikubaaqudgha
Makhleb
Nemelex Xobeh
Okawaru
Qazlal
Ru
Sif Muna
Trog
Uskayaw
Vehumet
Wu Jian
Xom
Yredelemnul
Zin
The Shining One
Beogh
Jiyva

Shops:
D:4 }   D:7 }   Orc:2 (%[*?

Annotations:
D:9 3 runed doors, Alg's ghost, novice GrEE
Lair:2 1 runed door, Loudmushroom's ghost, journeyman GrFi
Lair:6 1 runed door, exclusions: ice statue and oklob plant


Innate Abilities, Weirdness & Mutations

You are too large for most types of armour.
You have claws for hands.
Your metabolism is lightning-fast.
You like to eat raw meat.
Your natural rate of healing is unusually fast.
You are covered in fur. (AC +1)
You have very tough skin. (AC +2)


Message History

Your shield and gold dragon scales prevent you from hitting the shock serpent.
The shock serpent is severely wounded.
You feel sick. You block the shock serpent's attack.
Your shield and gold dragon scales prevent you from hitting the shock serpent.
The shock serpent is heavily wounded.
The shock serpent shoots out a bolt of lightning at you!
The bolt of electricity hits you!
* * * LOW HITPOINT WARNING * * *
The bolt of electricity hits you!
* * * LOW HITPOINT WARNING * * *
The bolt of electricity hits the shock serpent.
The shock serpent completely resists.
You feel much better.
You feel sick. The shock serpent bites you.
* * * LOW HITPOINT WARNING * * *
The shock serpent shocks you!
* * * LOW HITPOINT WARNING * * *
The shock serpent bites you.
* * * LOW HITPOINT WARNING * * *
The shock serpent shocks you!
You die...

#))...#....###
#.....#....#
#..[.......#
#.....###...#
###.....# ####
##.#..######....
#.....#.........
#.##S.#)........
.. #.@%))......#
...
#..#........# ##
####..#######
####


You could see a shock serpent.

Vanquished Creatures
  Kirke (Lair:5)
  2 fire dragons
  5 hydras
  2 ice dragons
  A naga warrior (Snake:1)
  3 centaur warriors
  A death knight (D:14)
  2 two-headed ogres
  An orc high priest (Orc:2)
  A shock serpent (Snake:1)
  3 naga sharpshooters (Snake:1)
  A fire crab (Lair:6)
  Nergalle (D:12)
  5 unseen horrors
  3 phantasmal warriors (D:14)
  A necromancer (D:14)
  5 cyclopes
  A mana viper (Snake:1)
  A deep elf mage (D:8)
  A manticore (D:15)
  2 salamanders (Snake:1)
  4 orc sorcerers (Orc:2)
  7 slime creatures (D:13)
  6 ugly things
  2 centaur zombies
  A guardian serpent (shapeshifter) (D:15)
  9 black mambas
  Maurice (D:8)
  A guardian serpent (Snake:1)
  2 naga magi (Snake:1)
  12 spiny frogs
  A gargoyle (D:14)
  3 freezing wraiths
  6 komodo dragons
  2 rime drakes
  7 trolls
  6 polar bears
  A jumping spider (shapeshifter) (D:15)
  13 blink frogs
  2 hornets
  Prince Ribbit (D:8)
  11 hippogriffs
  3 shadows
  47 yaks
  5 basilisks
  A fire elemental (D:13)
  A human (shapeshifter) (D:13)
  7 wyverns
  4 wraiths
  A hungry ghost (D:11)
  4 hogs (D:8)
  7 vampire mosquitoes (D:15)
  A human (D:8)
  6 nagas (Snake:1)
  A warg (Orc:1)
  3 soldier ants
  4 porcupines
  14 water moccasins
  A hornet zombie (D:9)
  8 ice beasts
  5 sky beasts
  A phantom (D:4)
  3 black bears
  22 orc warriors
  33 wolves
  3 boggarts (D:15)
  8 ogres
  7 centaurs
  17 crocodiles
  3 big kobolds
  19 bullfrogs
  2 gnoll sergeants
  A wyvern skeleton (D:8)
  3 water moccasin zombies (Ossuary)
  2 scorpions
  23 killer bees
  11 wights
  11 howler monkeys
  7 crimson imps
  2 bullfrog zombies
  2 iguanas
  28 orc priests
  4 hounds
  29 orc wizards
  A centaur skeleton (D:9)
  Jessica (D:2)
  2 bullfrog skeletons
  Ijyb (D:5)
  6 worker ants
  A killer bee zombie (D:5)
  A big kobold zombie (Ossuary)
  2 mummies (Ossuary)
  A worker ant zombie (D:12)
  A howler monkey skeleton (D:7)
  14 gnolls
  9 adders
  2 shadow imps
  2 white imps (Lair:6)
  2 adder zombies (Ossuary)
  2 adder skeletons
  3 worms
  A dart slug (D:1)
  7 leopard geckos
  80 orcs
  3 ball pythons
  11 bats
  4 giant cockroaches
  6 goblins
  3 hobgoblins
  17 jackals
  6 quokkas
  8 frilled lizards
  A gnoll zombie (Ossuary)
  8 hobgoblin zombies (Ossuary)
  A jackal skeleton (D:9)
  2 jackal zombies (D:5)
  26 kobolds
  5 kobold zombies (Ossuary)
  A leopard gecko skeleton (D:4)
  6 orc zombies (Ossuary)
  3 quokka skeletons
  8 rats
  3 plants
766 creatures vanquished.

Vanquished Creatures (others)
  A human (Lair:5)
  An orc wizard (Orc:2)
  30 fungi
  15 plants
47 creatures vanquished.

Grand Total: 813 creatures vanquished

Notes
Turn   | Place    | Note
-------+----------+-------------------------------------------
     0 | D:1      | Bodigarde the Troll Berserker began the quest for the Orb.
     0 | D:1      | Reached XP level 1. HP: 22/22 MP: 0/0
   237 | D:1      | Reached XP level 2. HP: 29/29 MP: 1/1
   778 | D:2      | Reached XP level 3. HP: 31/36 MP: 2/2
   819 | D:2      | Reached ** piety under Trog
   921 | D:2      | Noticed Jessica
   925 | D:2      | Killed Jessica
   925 | D:2      | Reached skill level 4 in Unarmed Combat
  1028 | D:2      | Reached XP level 4. HP: 31/44 MP: 3/3
  1608 | D:3      | Found a deep blue altar of Sif Muna.
  1658 | D:3      | Found a faded altar of an unknown god.
  1913 | D:3      | Found a hide-covered altar of Uskayaw.
  1913 | D:3      | Found an ornate altar of the Wu Jian Council.
  2223 | D:4      | Reached XP level 5. HP: 40/53 MP: 4/4
  2272 | D:4      | Noticed an ogre
  2272 | D:4      | Noticed an ogre
  2278 | D:4      | Killed an ogre
  2278 | D:4      | Reached skill level 5 in Unarmed Combat
  2300 | D:4      | Killed an ogre
  2300 | D:4      | Reached XP level 6. HP: 40/61 MP: 5/5
  2402 | D:4      | Found Foel's Gadget Emporium.
  2428 | D:4      | Found an iron altar of Okawaru.
  2561 | D:4      | Reached *** piety under Trog
  2567 | D:4      | Reached skill level 1 in Armour
  2567 | D:4      | Reached skill level 6 in Unarmed Combat
  2568 | D:4      | Reached XP level 7. HP: 68/68 MP: 6/6
  2673 | D:4      | Found an opulent altar of Gozag.
  2803 | D:4      | Found a staircase to the Ecumenical Temple.
  2812 | Temple   | Entered the Ecumenical Temple
  3075 | D:5      | Entered Level 5 of the Dungeon
  3106 | D:5      | Found a stormy altar of Qazlal.
  3474 | D:5      | Reached skill level 7 in Unarmed Combat
  3489 | D:5      | Found a sand-covered staircase.
  3498 | Ossuary  | Entered an ossuary
  3553 | Ossuary  | Reached **** piety under Trog
  3576 | Ossuary  | Reached XP level 8. HP: 77/79 MP: 7/7
  3644 | Ossuary  | Received a gift from Trog
  3748 | D:5      | Noticed Ijyb
  3767 | D:5      | Killed Ijyb
  4286 | D:6      | Reached skill level 8 in Unarmed Combat
  4548 | D:6      | Reached skill level 5 in Fighting
  5369 | D:7      | Reached XP level 9. HP: 82/88 MP: 8/8
  5403 | D:7      | Reached skill level 9 in Unarmed Combat
  5479 | D:7      | Reached ***** piety under Trog
  5792 | D:7      | Found Yguesule's Gadget Boutique.
  5887 | D:7      | Found a shattered altar of Ashenzari.
  6266 | D:8      | Reached skill level 10 in Unarmed Combat
  6324 | D:8      | Found a shimmering altar of Xom.
  6329 | D:8      | Noticed Prince Ribbit
  6341 | D:8      | Killed Prince Ribbit
  6406 | D:8      | Found a shimmering altar of Xom.
  6409 | D:8      | Found a shimmering altar of Xom.
  6410 | D:8      | Found a shimmering altar of Xom.
  6410 | D:8      | Found a shimmering altar of Xom.
  6411 | D:8      | Found a shimmering altar of Xom.
  6411 | D:8      | Found a shimmering altar of Xom.
  6419 | D:8      | Reached skill level 5 in Armour
  6455 | D:8      | Found a snail-covered altar of Cheibriados.
  6557 | D:8      | Noticed Maurice
  6573 | D:8      | Paralysed by an orc for 6 turns
  6593 | D:8      | Killed Maurice
  6593 | D:8      | Reached XP level 10. HP: 97/100 MP: 9/9
  6734 | D:8      | Noticed a deep elf mage
  6742 | D:8      | Killed a deep elf mage
  6742 | D:8      | Received a gift from Trog
  6807 | D:8      | Found an ancient bone altar of Kikubaaqudgha.
  6835 | D:8      | Found a staircase to the Lair.
  6872 | D:8      | Reached skill level 11 in Unarmed Combat
  7143 | D:9      | Found a runed gate.
  7144 | D:9      | Found a runed gate.
  7145 | D:9      | Found a runed gate.
  7252 | D:9      | Found a runed door.
  7316 | D:9      | Found a basalt altar of Yredelemnul.
  7327 | D:9      | Found a bloodstained altar of Trog.
  7704 | D:9      | Noticed Alg's ghost (novice GrEE)
  7829 | D:10     | Entered Level 10 of the Dungeon
  8804 | D:11     | Reached skill level 12 in Unarmed Combat
  8985 | D:11     | Reached XP level 11. HP: 81/109 MP: 10/10
  9105 | D:11     | Noticed an ice dragon
  9116 | D:11     | Killed an ice dragon
  9179 | D:11     | Reached ****** piety under Trog
  9195 | D:11     | Reached skill level 13 in Unarmed Combat
  9966 | D:12     | Found a stormy altar of Qazlal.
 10211 | D:12     | Found a staircase to the Orcish Mines.
 10431 | D:12     | Received a gift from Trog
 10525 | D:12     | Noticed Nergalle
 10535 | D:12     | Killed Nergalle
 10590 | D:12     | Found a roughly hewn altar of Beogh.
 10791 | Lair:1   | Entered Level 1 of the Lair of Beasts
 11092 | Lair:1   | Reached XP level 12. HP: 122/122 MP: 11/11
 11656 | Lair:2   | Reached skill level 14 in Unarmed Combat
 11992 | Lair:2   | Found a runed door.
 12007 | Lair:2   | Noticed Loudmushroom's ghost (journeyman GrFi)
 12205 | Lair:2   | Found a staircase to the Snake Pit.
 12508 | Lair:3   | Found a staircase to the Shoals.
 12644 | Lair:3   | Found the ring of the Mage {Wiz MR++ Int+3}
 12831 | Lair:3   | Received a gift from Trog
 13608 | Lair:4   | Noticed a seven-headed hydra
 13619 | Lair:4   | Killed a seven-headed hydra
 13622 | Lair:4   | Reached skill level 15 in Unarmed Combat
 14023 | Lair:4   | Noticed a four-headed hydra
 14027 | Lair:4   | Killed a four-headed hydra
 14027 | Lair:4   | Reached skill level 1 in Throwing
 14608 | Lair:5   | Found a deep blue altar of Sif Muna.
 14622 | Lair:5   | Reached XP level 13. HP: 123/132 MP: 12/12
 14674 | Lair:5   | Noticed Kirke
 14689 | Lair:5   | Killed Kirke
 15555 | Lair:6   | Entered Level 6 of the Lair of Beasts
 15606 | Lair:6   | Reached skill level 10 in Fighting
 15790 | Lair:6   | Received a gift from Trog
 15909 | Lair:6   | Found a runed door.
 15909 | Lair:6   | Found a viscous altar of Jiyva.
 15910 | Lair:6   | Noticed an acid blob
 15918 | Lair:6   | Found a staircase to the Slime Pits.
 16156 | Lair:6   | HP: 1/133 [six-headed hydra (8)]
 16164 | Lair:6   | Reached skill level 16 in Unarmed Combat
 17258 | Orc:1    | Entered Level 1 of the Orcish Mines
 17385 | Orc:2    | Entered Level 2 of the Orcish Mines
 17484 | Orc:2    | Found Eczica's Antique Weapon Shop.
 17694 | Orc:2    | Reached XP level 14. HP: 144/144 MP: 13/13
 17813 | Orc:2    | Found a staircase to the Elven Halls.
 17925 | Orc:2    | Found Effuk's Food Boutique.
 17925 | Orc:2    | Found Umiwizen's General Store.
 17926 | Orc:2    | Found Deromp's Magic Scroll Shop.
 17929 | Orc:2    | Found Nuenk's Armour Boutique.
 17950 | Orc:2    | Received a gift from Trog
 17961 | Orc:2    | Bought a +2 cloak of poison resistance for 277 gold pieces
 18999 | D:13     | Reached skill level 5 in Throwing
 19011 | D:13     | Reached skill level 10 in Armour
 19056 | D:13     | Got a slimy platinum ring
 19058 | D:13     | Identified the ring "Egefepizo" {MR+ Str+5} (You found it on level 13 of the Dungeon)
 19108 | D:13     | Reached skill level 1 in Shields
 19115 | D:13     | Received a gift from Trog
 19282 | D:13     | Received a gift from Trog
 19499 | D:13     | Found a white marble altar of Elyvilon.
 20088 | D:14     | Reached skill level 17 in Unarmed Combat
 20409 | D:14     | Found a gate to the Vaults.
 20878 | D:15     | Entered Level 15 of the Dungeon
 21125 | D:15     | Found a staircase to the Depths.
 21668 | D:15     | Received a gift from Trog
 21674 | D:15     | Reached XP level 15. HP: 110/154 MP: 14/14
 22322 | Snake:1  | Entered Level 1 of the Snake Pit
 22687 | Snake:1  | Slain by a shock serpent

Skill      XL: |  1  2  3  4  5  6  7  8  9 10 11 12 13 14 15 |
---------------+----------------------------------------------+-----
Unarmed Combat | 4 5 6 7 8 10 12 13 15 16 17 | 17.8
Fighting       | 3 4 5 6 7 8 9 10 11 | 11.4
Dodging        | 3 |  3.5
Armour         | 1 2 3 5 6 7 8 9 10 | 10.8
Throwing       | 1 4 5 |  5.2
Shields        | 3 4 |  4.3

Action                   |  1- 3 |  4- 6 |  7- 9 | 10-12 | 13-15 || total
-------------------------+-------+-------+-------+-------+-------++-------
Melee: Unarmed           |   106 |   112 |   536 |   769 |   987 ||  2510
       Punch             |     2 |     2 |     6 |    33 |    43 ||    86
Throw: Large rock        |       |       |     4 |    12 |    19 ||    35
       Stone             |       |       |     2 |       |     3 ||     5
       Tomahawk          |       |       |       |     1 |     4 ||     5
Invok: Trog's Hand       |     1 |       |     1 |     1 |     7 ||    10
       Berserk           |       |     2 |     1 |     2 |     2 ||     7
  Use: Scroll            |     4 |     3 |    17 |     6 |     7 ||    37
       Potion            |       |       |       |     3 |     4 ||     7
 Stab: Sleeping          |     1 |     1 |       |       |       ||     2
  Eat: Chunk             |    15 |    15 |    39 |    82 |    73 ||   224
Armor: Animal skin       |    56 |    47 |       |       |       ||   103
       Gold dragon scale |       |    21 |   455 |   658 |   700 ||  1834
Dodge: Dodged            |    54 |    61 |   102 |   170 |   262 ||   649
Block: Shield            |       |       |       |       |   109 ||   109
